 Dungeon Crawl Stone Soup version 0.13.0-11-g0187522 (webtiles) character file.

172 HungrySpirit the Skirmisher (level 4, -1/35 HPs)
             Began as a Demonspawn Abyssal Knight on Oct 18, 2013.
             Was a Believer of Lugonu.
             Slain by Terence
             ... wielding a +0,+0 dwarven hand axe
              (2 damage)
             ... on Level 2 of the Dungeon.
             The game lasted 00:04:17 (1558 turns).

HungrySpirit the Skirmisher (DsAK)                  Turns: 1558, Time: 00:04:17

HP  -1/35        AC  9     Str 13      XL: 4   Next:  3%
MP   5/5         EV  9     Int 14      God: Lugonu [**....]
Gold 102         SH  0     Dex 12      Spells:  0 memorised,  3 levels left

Res.Fire  : . . .   See Invis. : .   a - +2 hand axe {=f}
Res.Cold  : + . .   Warding    : .   t - +0 ring mail
Life Prot.: . . .   Conserve   : .   (no shield)
Res.Poison: .       Res.Corr.  : .   (helmet restricted)
Res.Elec. : .       Clarity    : .   (no cloak)
Sust.Abil.: . .     Spirit.Shd : .   (no gloves)
Res.Mut.  : .       Stasis     : .   (no boots)
Res.Rott. : .       Flight     : .   (no amulet)
Saprovore : . . .                    (no ring)
                                     h - ring of protection from cold {unknown}

@: slightly resistant to hostile enchantments, extremely unstealthy
A: horns 1, spiny 1, AC +4
a: Depart the Abyss, Bend Space, Renounce Religion


You were on level 2 of the Dungeon.
You worshipped Lugonu.
Lugonu was pleased with you.
You were hungry.

You visited 1 branch of the dungeon, and saw 2 of its levels.
You visited the Abyss 1 time.

You collected 82 gold pieces.

Inventory:

Hand weapons
 a - a +2,+2 hand axe (weapon) {=f}
Missiles
 b - a dart (quivered)
Armour
 t - a +0 ring mail (worn)
Comestibles
 c - 2 bread rations
 n - a pear
 u - 2 meat rations
 v - a choko
Scrolls
 e - 2 scrolls of remove curse {unknown}
 f - 3 scrolls of blinking {unknown}
 g - 2 scrolls of curse armour {unknown}
 i - 2 scrolls of curse jewellery {unknown}
 j - 2 scrolls of identify {unknown}
 k - a scroll of teleportation {unknown}
 l - a scroll of fear {unknown}
 p - a scroll of random uselessness {unknown}
 q - a scroll of amnesia {unknown}
Jewellery
 h - a ring of protection from cold (left hand) {unknown}
Potions
 d - a potion of paralysis {unknown}
 m - a potion of poison {unknown}
 o - 3 potions of heal wounds {unknown}
 r - a potion of brilliance {unknown}
 s - a potion of restore abilities {unknown}


   Skills:
 - Level 4.0 Fighting
 * Level 2.9 Axes
 + Level 1.9 Armour
 - Level 0.8 Dodging
 - Level 2.4 Invocations


You had 3 spell levels left.
You didn't know any spells.

Dungeon Overview and Level Annotations

Branches:
Dungeon (2/27)

Altars:
Nemelex Xobeh
Sif Muna
Zin

Annotations:
D:2 Terence


Innate Abilities, Weirdness & Mutations

You have a pair of small horns on your head.
You are partially covered in iridescent scales (AC +4).
You are partially covered in sharp spines.


Message History

It hits you but does no damage.
You closely miss it. It hits you.
* * * LOW HITPOINT WARNING * * *
You miss it. It hits you but does no damage.
You hit it but do no damage. Your headbutt misses it.
It hits you but does no damage.
You closely miss it. It completely misses you.
Use which ability? (? or * to list)
Okay, then.
You closely miss it. It hits you but does no damage.
You closely miss it. You headbutt it. It hits you but does no damage.
You hit it but do no damage. You headbutt it. It hits you!
* * * LOW HITPOINT WARNING * * *
You hit it but do no damage. You hit it but do no damage.
It hits you but does no damage. It hits you.
* * * LOW HITPOINT WARNING * * *
You barely miss it. It hits you but does no damage.
You hit it but do no damage. It hits you but does no damage.
You hit it but do no damage. It hits you.
You die...

#.#.#####..#
#.# ....#
#..# #.#
.>.## #..#
#.# ...#
#..# #.#
#########..#
####.#
...........#
..
##########.#
.#
#.######.#
#......@.#
##########


There were no monsters in sight!

Vanquished Creatures
  2 adders (D:2)
  A worm (D:2)
  An inept feature mimic (D:2)
  2 oozes (D:1)
  A ball python (D:2)
  4 bats
  4 giant cockroaches
  2 hobgoblins (D:2)
  5 kobolds
  3 giant newts
  7 goblins (D:1)
  A quokka (D:2)
  8 rats
41 creatures vanquished.

Notes
Turn   | Place    | Note
--------------------------------------------------------------
     0 | Abyss:1  | HungrySpirit, the Demonspawn Abyssal Knight, began the quest for the Orb.
     0 | Abyss:1  | Reached XP level 1. HP: 16/16 MP: 1/1
     1 | D:1      | Escaped the Abyss
   449 | D:1      | Acquired Lugonu's first power
   543 | D:1      | Gained mutation: You are partially covered in iridescent scales (AC +4). [demonic ancestry]
   543 | D:1      | Reached XP level 2. HP: 19/22 MP: 2/2
   852 | D:2      | Gained mutation: You have a pair of small horns on your head. [demonic ancestry]
   852 | D:2      | Reached XP level 3. HP: 22/28 MP: 4/4
  1228 | D:2      | Acquired Lugonu's second power
  1260 | D:2      | Reached skill level 4 in Fighting
  1367 | D:2      | Found a deep blue altar of Sif Muna.
  1368 | D:2      | Found a glowing silver altar of Zin.
  1368 | D:2      | Found a sparkling altar of Nemelex Xobeh.
  1427 | D:2      | Gained mutation: You are partially covered in sharp spines. [demonic ancestry]
  1427 | D:2      | Reached XP level 4. HP: 35/35 MP: 5/5
  1514 | D:2      | Noticed Terence
  1555 | D:2      | HP: 1/35 [something (1)]
  1558 | D:2      | Slain by Terence

Action                   |  1- 3 |  4- 6 || total
-------------------------+-------+-------++-------
Melee: Hand axe          |   117 |    46 ||   163
Invok: Depart the Abyss  |     1 |       ||     1
